 Dungeon Crawl Stone Soup version 0.22-a0-460-g49b1da7 (webtiles) character file.

37 elite277 the Slasher (level 3, 0/27 HPs)
             Began as a Human Gladiator on June 9, 2018.
             Succumbed to an adder's poison
             ... on level 2 of the Dungeon.
             The game lasted 00:09:19 (1303 turns).

elite277 the Slasher (Human Gladiator)              Turns: 1303, Time: 00:09:20

Health: 0/27       AC:  6    Str: 14    XL:     3   Next: 60%
Magic:  3/3        EV: 12    Int:  8    God:
Gold:   58         SH:  0    Dex: 15    Spells: 2/2 levels left

rFire    . . .     SeeInvis .   a - +0 long sword
rCold    . . .     Gourm    .   (no shield)
rNeg     . . .     Faith    .   v - +0 ring mail
rPois    .         Spirit   .   c - +0 helmet
rElec    .         Reflect  .   (no cloak)
rCorr    .         Harm     .   (no gloves)
MR       .....                  (no boots)
Stlth    +.........             (no amulet)
HPRegen  0.09/turn              (no ring)
MPRegen  0.08/turn              (no ring)

@: lethally poisoned (0 -> -6), very slightly contaminated, invisible
A: no striking features
a: no special abilities


You were on level 2 of the Dungeon.
You were not hungry.

You visited 1 branch of the dungeon, and saw 2 of its levels.

You collected 58 gold pieces.

Inventory:

Hand Weapons
 a - a +0 long sword (weapon)
 b - a +2 hunting sling of velocity
 m - a +0 club
 q - a +0 spear
 r - a +0 hand axe
Missiles
 d - a throwing net (quivered)
 e - 3 javelins
 p - 17 sling bullets
 t - 61 stones
Armour
 c - a +0 helmet (worn)
 v - a +0 ring mail (worn)
Scrolls
 g - a scroll of fog {unknown}
 h - 3 scrolls of remove curse {unknown}
 i - 2 scrolls of enchant armour {unknown}
 j - 7 scrolls of identify {unknown}
Potions
 n - 3 potions of invisibility
Comestibles
 f - 2 rations


   Skills:
 + Level 2.0 Fighting
 + Level 3.7 Long Blades
 + Level 0.1(1.2) Slings
 + Level 2.1 Throwing
 + Level 0.6 Armour
 + Level 3.3 Dodging
 + Level 0.1 Stealth


You had 2 spell levels left.
You didn't know any spells.
Your spell library was empty.

Dungeon Overview and Level Annotations

Branches:
Dungeon (2/15)

Altars:
Dithmenos


Message History

The creatures around you are filled with an inner flame!
It was a scroll of immolation.
* * * LOW HITPOINT WARNING * * *
You feel sick. The adder barely misses you.
You riposte.
You slash the adder!
The adder is almost dead.
The adder closely misses you.
You miss the adder.
The adder is almost dead.
The adder barely misses you.
Okay, then.
You are a level 3 Human Gladiator.
You are 60% of the way to level 4.
Play time: 00:09:13 (1300 turns) Eat one of 3 chunks of flesh? (ye/n/q)
You eat one of the 3 chunks of flesh.
This raw flesh tastes terrible.
* * * LOW HITPOINT WARNING * * *
You feel sick. The adder bites you.
* * * LOW HITPOINT WARNING * * *
* * * LOW HITPOINT WARNING * * *
You feel sick. The adder bites you but does no damage.
You die...

##................. ......
..##.(##......#....... #......
#.#..(.##..## #....).. #......
#.#(.._.#...###.......
#......##.#..(.##.....#.......
.......#.##.(##......#.......
.......#..##l(.......#.......
#...#...###S......#.......
#........@........#.......
#.....#####.......#.....#.
####..# #..........#####
#..############.###
#.>.............#
####################
#........# #.######.#
#.#...<#.#


You could see an adder (inner flame).

Vanquished Creatures
  An adder (D:2)
  2 worms (D:2)
  4 bats (D:1)
  4 goblins (D:2)
  4 hobgoblins
  2 kobolds
  3 rats
20 creatures vanquished.

Notes
Turn   | Place    | Note
-------+----------+-------------------------------------------
     0 | D:1      | elite277 the Human Gladiator began the quest for the Orb.
     0 | D:1      | Reached XP level 1. HP: 16/16 MP: 1/1
   200 | D:1      | Reached XP level 2. HP: 22/22 MP: 2/2
   956 | D:2      | Reached XP level 3. HP: 24/27 MP: 3/3
  1269 | D:2      | Found a shadowy altar of Dithmenos.
  1301 | D:2      | HP: 1/27 [poisoned by an adder]
  1303 | D:2      | Succumbed to an adder's poison

Vault maps used:
D:1:      grunt_arrival_crossed_arrows
D:2:      nicolae_dithmenos_through_a_glass_darkly, lemuel_old_faithful

Action                   || total
-------------------------++-------
Melee: Long sword        ||    32
 Fire: Hunting sling     ||     9
Throw: Javelin           ||    26
       Throwing net      ||     4
  Use: Scroll            ||     2
       Potion            ||     1
 Stab: Held in net/web   ||     1
  Eat: Chunk             ||     1
Armor: Leather armour    ||     8
       Ring mail         ||     9
Dodge: Dodged            ||    30
       Rpst.: Long sword ||     9

Table legend:
 A = Spawn XP
 B = Non-spawn XP
 C = Spawn XP percentage of total XP
 D = Spawn monster count
 E = Non-spawn monster count
 F = Spawn count percentage of total count
 G = Total turns spent on level
                    A         B        C        D         E        F      G
               +---------+---------+-------+---------+---------+-------+---------
         Total |       0 |      53 |   0.0 |       0 |      20 |   0.0 |  1303
               +---------+---------+-------+---------+---------+-------+---------
           D:1 |       0 |      17 |   0.0 |       0 |      10 |   0.0 |   836
           D:2 |       0 |      36 |   0.0 |       0 |      10 |   0.0 |   467
               +---------+---------+-------+---------+---------+-------+---------
